 Dungeon Crawl Stone Soup version 0.27-a0-965-gbf8bb431c4 (webtiles) character file.

Game seed: 5090106890068208118

2613 owniheg the Basher (level 9, -1/72 HPs)
             Began as a Formicid Fighter on Apr 12, 2021.
             Was a Priest of Okawaru.
             Slain by a vampire (7 damage)
             ... on level 7 of the Dungeon.
             The game lasted 00:23:17 (8738 turns).

owniheg the Basher (Formicid Fighter)               Turns: 8738, Time: 00:23:18

Health: -1/72      AC:  9    Str: 24    XL:     9   Next: 90%
Magic:  9/9        EV:  9    Int:  8    God:    Okawaru [***...]
Gold:   228        SH: 12    Dex: 22    Spells: 8/8 levels left

rFire    . . .     SeeInvis +   a - +0 flail
rCold    . . .     Faith    .   c - +0 kite shield
rNeg     . . .     Spirit   .   b - +0 scale mail
rPois    .         Reflect  .   (helmet unavailable)
rElec    .         Harm     .   H - +0 cloak
rCorr    .         Rampage  .   (no gloves)
Will     .....                  j - +0 pair of boots
Stlth    ..........             (no amulet)
HPRegen  0.22/turn              y - +6 ring of dexterity
MPRegen  0.11/turn              u - +6 ring of dexterity

@: no status effects
A: permanent stasis, dig shafts and tunnels, antennae 3, four strong arms
a: Dig, Shaft Self, Renounce Religion, Heroism


You were on level 7 of the Dungeon.
You worshipped Okawaru.
Okawaru was most pleased with you.
You visited 2 branches of the dungeon, and saw 9 of its levels.

You collected 228 gold pieces.

Inventory:

Hand Weapons
 a - a +0 flail (weapon)
 D - a +2 mace of distortion
 I - a +1 vampiric whip
Missiles
 p - 5 javelins (quivered)
 G - a throwing net
Armour
 b - a +0 scale mail (worn)
 c - a +0 kite shield (worn)
 j - a +0 pair of boots (worn)
 r - a +0 plate armour
 E - a +0 leather armour of poison resistance
 H - a +0 cloak (worn)
Jewellery
 m - a ring of positive energy
 q - an amulet of magic regeneration
 u - a +6 ring of dexterity (right hand)
 y - a +6 ring of dexterity (left hand)
 B - a ring of resist corrosion
Wands
 s - a wand of polymorph (3)
 t - a wand of flame (15)
 F - a wand of digging (2)
 M - a wand of paralysis (3)
 O - a wand of acid (10)
Scrolls
 e - 3 scrolls of vulnerability {unknown}
 h - a scroll of magic mapping {unknown}
 i - 4 scrolls of fog {unknown}
 k - a scroll of brand weapon {unknown}
 l - a scroll of acquirement {unknown}
 n - a scroll of enchant armour {unknown}
 o - 4 scrolls of amnesia {unknown}
 v - a scroll of immolation {unknown}
 w - 6 scrolls of identify {unknown}
 x - a scroll of teleportation {unknown}
 C - a scroll of noise {unknown}
 J - a scroll of blinking {unknown}
 L - a scroll of fear {unknown}
Potions
 d - 3 potions of might
 f - 2 potions of attraction
 g - a potion of curing {unknown}
 z - 2 potions of haste {unknown}
 A - a potion of lignification {unknown}
 K - a potion of flight {unknown}
 N - a potion of brilliance {unknown}


   Skills:
 - Level 7.0 Fighting
 - Level 10.0 Maces & Flails
 + Level 3.2 Armour
 - Level 8.0 Shields


You had 8 spell levels left.
You didn't know any spells.
Your spell library was empty.

Dungeon Overview and Level Annotations

Branches:
Dungeon (8/15)             Temple (1/1) D:4
   Lair: D:8-11

Altars:
Ashenzari
Dithmenos
Elyvilon
Fedhas
Hepliaklqana
Kikubaaqudgha
Makhleb
Nemelex Xobeh
Okawaru
Qazlal
Ru
Sif Muna
Trog
Uskayaw
Vehumet
Wu Jian
Xom
Zin
The Shining One

Annotations:
D:5 2 transporters, polve's ghost, novice DsAK


Innate Abilities, Weirdness & Mutations

You cannot be hasted, slowed, berserked, paralysed or teleported.
You can dig through walls and to a lower floor.
You have a pair of large antennae on your head. (SInv)
Your four strong arms can wield two-handed weapons with a shield.


Message History

You block the vampire's attack.
The vampire bites you but does no damage.
You sock the vampire!
The vampire is moderately damaged.
You sock the vampire!
The vampire is heavily damaged.
The vampire draws life force from you!
The vampire is healed by the life force!
You hit the vampire but do no damage.
The vampire is moderately damaged.
The vampire hits you but does no damage.
The vampire bites you but does no damage.
You closely miss the vampire.
The vampire is moderately damaged.
The vampire misses you. You block the vampire's attack.
You sock the vampire!
The vampire is heavily damaged.
The vampire closely misses you. The vampire barely misses you.
You hit the vampire but do no damage.
The vampire is heavily damaged.
You block the vampire's attack.
The vampire bites you but does no damage.
You hit the vampire.
The vampire is severely damaged.
The vampire draws life force from you!!
* * * LOW HITPOINT WARNING * * *
The vampire is healed by the life force!
You thump the vampire!
The vampire is severely damaged.
The vampire hits you!
* * * LOW HITPOINT WARNING * * *
The vampire bites you.
* * * LOW HITPOINT WARNING * * *
The vampire draws strength from your injuries!
There are no items here.
You extend your mandibles.
Are you sure you want to shaft yourself?
The vampire hits you but does no damage.
The vampire bites you!
You die...

.........#+###...#
.((......##.......#
#.....#...........#
#(................#
##+#............###...
#.....................
#...#.................
#...#V...#+##.........
#....@..........#.....
#.................#...
#...................#.
#.....................
##....................
#.....#............#.
#.....#...####...#...
#.#####...# #.#.....
### ##..# #.......


You could see a vampire (invisible).

Vanquished Creatures
  Sigmund (D:5)
  A water moccasin (D:5)
  An orc warrior (D:8)
  2 ice beasts
  A black bear (D:6)
  2 necrophages
  An ogre (D:5)
  2 centaurs
  A phantom (D:5)
  A kobold brigand (D:6)
  Blork the orc (D:4)
  A bullfrog (D:7)
  A wyvern zombie (D:8)
  2 scorpions
  A gnoll sergeant (D:6)
  3 wights (D:7)
  3 bullfrog zombies (D:5)
  3 centaur zombies
  A jelly (D:6)
  2 centaur skeletons
  2 bullfrog skeletons
  2 orc priests
  A hound (D:5)
  A scorpion zombie (D:5)
  4 iguanas
  3 orc wizards
  A killer bee zombie (D:5)
  A hound zombie (D:5)
  4 howler monkey zombies
  5 gnolls
  A howler monkey skeleton (D:6)
  7 adders
  A white imp (D:6)
  A worm (D:3)
  5 dart slugs
  13 orcs
  5 endoplasms
  4 giant cockroaches
  13 goblins
  3 hobgoblins
  5 jackals
  4 quokkas
  8 ball pythons
  5 bats
  2 frilled lizards
  11 kobolds
  4 rats
147 creatures vanquished.

Vanquished Creatures (others)
  3 fungi (D:5)
  6 plants
  3 withered plants (D:5)
12 creatures vanquished.

Grand Total: 159 creatures vanquished

Notes
Turn   | Place    | Note
-------+----------+-------------------------------------------
     0 | D:1      | owniheg the Formicid Fighter began the quest for the Orb.
     0 | D:1      | Reached XP level 1. HP: 18/18 MP: 1/1
   255 | D:1      | Reached XP level 2. HP: 24/24 MP: 2/2
   303 | D:1      | Found a faded altar of an unknown god.
   466 | D:1      | Reached XP level 3. HP: 20/29 MP: 3/3
  1023 | D:2      | Reached skill level 5 in Shields
  1074 | D:2      | Reached XP level 4. HP: 27/35 MP: 4/4
  1303 | D:2      | Found a shimmering altar of Xom.
  1917 | D:2      | Reached XP level 5. HP: 37/41 MP: 5/5
  2101 | D:3      | You fall into a shaft and drop 2 floors!
  2101 | D:5      | Entered Level 5 of the Dungeon
  2405 | D:5      | Reached XP level 6. HP: 45/47 MP: 6/6
  2649 | D:3      | Found a sparkling altar of Nemelex Xobeh.
  2649 | D:3      | Found a bloodstained altar of Trog.
  2654 | D:3      | Found a radiant altar of Vehumet.
  2656 | D:3      | Found a burning altar of Makhleb.
  2657 | D:3      | Found a faded altar of an unknown god.
  2848 | D:3      | Found a hazy altar of Hepliaklqana.
  2857 | D:3      | Found a shimmering altar of Xom.
  2858 | D:3      | Noticed a spectral ugly thing
  3620 | D:4      | Noticed a necrophage
  3633 | D:4      | Killed a necrophage
  3747 | D:4      | Reached skill level 5 in Fighting
  3747 | D:4      | Reached XP level 7. HP: 50/56 MP: 7/7
  3765 | D:4      | Found an ancient bone altar of Kikubaaqudgha.
  3812 | D:4      | Noticed Blork the orc
  3828 | D:4      | Killed Blork the orc
  3959 | D:4      | Found a staircase to the Ecumenical Temple.
  3965 | Temple   | Entered the Ecumenical Temple
  4180 | Temple   | Became a worshipper of Warmaster Okawaru
  4453 | D:5      | Noticed a water moccasin
  4479 | D:5      | You fall into a shaft and drop 3 floors!
  5619 | D:5      | Reached XP level 8. HP: 67/67 MP: 8/8
  5628 | D:5      | Found a transporter.
  5630 | D:5      | Noticed polve's ghost (novice DsAK)
  5640 | D:5      | Reached skill level 3 in Maces & Flails
  5663 | D:5      | Reached * piety under Okawaru
  5664 | D:5      | Reached skill level 4 in Maces & Flails
  5689 | D:5      | Reached skill level 5 in Maces & Flails
  5873 | D:5      | Noticed Sigmund
  5882 | D:5      | Killed Sigmund
  5883 | D:5      | Reached skill level 6 in Maces & Flails
  5902 | D:5      | Reached ** piety under Okawaru
  5912 | D:5      | Reached XP level 9. HP: 64/72 MP: 9/9
  5934 | D:5      | Found a stormy altar of Qazlal.
  5962 | D:5      | Reached skill level 7 in Maces & Flails
  6039 | D:5      | Found a blossoming altar of Fedhas.
  6124 | D:5      | Found a transporter.
  6382 | D:5      | Reached skill level 8 in Maces & Flails
  6921 | D:6      | Reached *** piety under Okawaru
  7374 | D:6      | Reached skill level 9 in Maces & Flails
  8244 | D:7      | Reached skill level 10 in Maces & Flails
  8738 | D:7      | Slain by a vampire

Illustrated notes

Levels and vault maps discovered:
D:1:      wander_arrival_abandoned_jail, layout_loops_ring,
          shapermc_ecumenical_altar_flowoftime, minmay_misc_feat_room
D:2:      layout_loops_cross, basic_altar, minmay_misc_feat_ornament,
          palyth_stone_intersect, cheibrodos_gnoll_hut
D:3:      layout_loops_corners, regret_index_temple_of_mockery,
          chequers_temple_overflow_minitemple
D:4:      layout_cave_pools, nicolae_overflow_crystal_walls,
          minmay_temple_entry_enclosed_plants, serial_bayou,
          serial_bayou_pond_a, serial_bayou_lagoon_a, serial_bayou_pond_b,
          serial_bayou_shore_a, uniq_blork_the_orc
D:5:      layout_basic, grunt_temple_overflow_forces_of_nature, serial_undead,
          serial_undead_d, serial_undead_a, serial_undead_d, serial_undead_b,
          gammafunk_ghost_stat_death, kennysheep_generic_room_15, uniq_sigmund
D:6:      layout_cave_pods
D:7:      corexii_shack_village, layout_basic, lemuel_round_altar,
          minmay_misc_feat_more_columns
D:8:      layout_basic, kennysheep_mini, kennysheep_generic_room_4
Temple:   dpeg_chambers_temple

Skill      XL: |  1  2  3  4  5  6  7  8  9 |
---------------+----------------------------+-----
Shields        | 4 5 6 7 8 |  8.0
Fighting       | 5 7 |  7.0
Maces & Flails | 6 10 | 10.0
Armour         | |  3.2

Action                   |  1- 3 |  4- 6 |  7- 9 || total
-------------------------+-------+-------+-------++-------
Melee: Flail             |    60 |   231 |   366 ||   657
Throw: Javelin           |       |       |    12 ||    12
 Abil: Dig               |     3 |     9 |    21 ||    33
       Shaft Self        |       |       |     2 ||     2
Evoke: Wand              |       |       |     5 ||     5
  Use: Potion            |       |       |     1 ||     1
Armor: Scale mail        |    25 |   105 |   113 ||   243
Dodge: Dodged            |    18 |    74 |   105 ||   197
Block: Kite shield       |    19 |   142 |   219 ||   380

Table legend: (Time is in decaauts)
 A = Elapsed time spent in this place.
 B = Non-inter-level travel time spent in this place.
 C = Inter-level travel time spent in this place.
 D = Time resting spent in this place.
 E = Time spent auto-exploring this place.
 F = Levels seen in this place.
 G = Mean time per level.
                   A        B        C        D        E       F      G
               +--------+--------+--------+--------+--------+-----+--------+
         Total |   8955 |   8832 |    123 |   2022 |   4137 |   9 |  995.0 |
       Dungeon |   8713 |   8616 |     97 |   2022 |   3928 |   8 | 1089.1 |
        Temple |    242 |    216 |     26 |      0 |    209 |   1 |  242.0 |
               +--------+--------+--------+--------+--------+-----+--------+

Top non-repeatable levels by time:
     D:5: 1454 daAuts
     D:6: 1262 daAuts
     D:3: 1197 daAuts
     D:8: 1069 daAuts
     D:2: 1068 daAuts
     D:1: 1041 daAuts
     D:7: 910 daAuts
     D:4: 708 daAuts
  Temple: 242 daAuts
